 Dungeon Crawl Stone Soup version 0.20-a0-1025-g4706f7e (console) character file.

77 nht the Ruffian (level 4, 0/35 HPs)
             Began as a Draconian Transmuter on Apr 19, 2017.
             Slain by Natasha (6 damage)
             ... on level 2 of the Dungeon.
             The game lasted 00:01:58 (1392 turns).

nht the Ruffian (Draconian Transmuter)              Turns: 1392, Time: 00:02:00

Health: 0/35       AC:  5    Str: 13    XL:     4   Next: 13%
Magic:  7/7        EV: 12    Int: 14    God:
Gold:   69         SH:  0    Dex: 11    Spells: 6/7 levels left

rFire    . . .     SeeInvis .     - Unarmed
rCold    . . .     Gourm    .   (no shield)
rNeg     . . .     Faith    .   (armour unavailable)
rPois    .         Spirit   .   (helmet restricted)
rElec    .         Reflect  .   (no cloak)
rCorr    .         Harm     .   (no gloves)
MR       .....                  (no boots)
Stlth    +.........             (no amulet)
Regen    0.2/turn               (no ring)
MPRegen  0.1/turn               (no ring)

@: no status effects
A: unfitting armour, cold-blooded, AC +5
a: no special abilities


You were on level 2 of the Dungeon.
You were not hungry.

You visited 1 branch of the dungeon, and saw 2 of its levels.

You collected 69 gold pieces.

Inventory:

Missiles
 a - 12 arrows
Jewellery
 e - an uncursed ring of fire
Scrolls
 d - a scroll of blinking {unknown}
 g - 4 scrolls of identify {unknown}
 h - a scroll of noise {unknown}
 i - a scroll of fog {unknown}
 l - a scroll of teleportation {unknown}
 m - a scroll of amnesia {unknown}
 n - a scroll of recharging {unknown}
Potions
 p - 2 potions of lignification {unknown}
Books
 b - a book of Changes

   Spells                             Type                      Level
   a - Beastly Appendage              Transmutation                1
   b - Sticks to Snakes               Transmutation                2
   c - Spider Form                    Transmutation/Poison         3
   d - Ice Form                       Ice/Transmutation            4
   e - Blade Hands                    Transmutation                5
Comestibles
 c - 4 bread rations
 f - a royal jelly
 o - 6 chunks of flesh


   Skills:
 - Level 1.1 Fighting
 - Level 1.7 Dodging
 * Level 4.5 Unarmed Combat
 - Level 2.0 Spellcasting
 + Level 2.8 Transmutations


You had 6 spell levels left.
You knew the following spells:

 Your Spells              Type           Power        Failure   Level  Hunger
a - Beastly Appendage     Tmut           #.....       8%          1    ##.....


Dungeon Overview and Level Annotations

Branches:
Dungeon (2/15)

Altars:
Dithmenos

Annotations:
D:2 Natasha


Innate Abilities, Weirdness & Mutations

Your plain brown scales are hard. (AC +5)
You cannot fit into any form of body armour.
You are cold-blooded and may be slowed by cold attacks.


Message History

Some of the chunks of flesh in your inventory have rotted away.
HP restored.
Natasha, Servant of Life and Death comes into view.
Natasha hisses angrily.
Natasha mumbles some strange words.
Found a stone staircase leading down.
Found 29 stones.
There are monsters nearby!
There are monsters nearby!
The white imp grins evilly.
The white imp gestures at you. The puff of frost hits you! Natasha claws you!
You punch Natasha!
Natasha is heavily wounded.
The white imp puffs mist at you. The white imp gestures at you.
The puff of frost hits you!
* * * LOW HITPOINT WARNING * * *
Natasha claws you.
You die... ███████ ██.....██ ██.......██ █...5.....█ █....!....█ █...h.....█ █..@......█ █$........█ ███......>..█ ██████

█...........█
?.....██...........█
█..............█
██.█...........█
█.██........(██
█.██........██


You could see Natasha and a white imp.

Vanquished Creatures
  3 adders (D:2)
  An ooze (D:1)
  2 dart slugs
  2 leopard geckos (D:1)
  4 bats (D:1)
  2 giant cockroaches (D:1)
  3 goblins
  7 hobgoblins (D:1)
  2 jackals (D:2)
  5 kobolds
  2 quokkas (D:2)
  4 rats
37 creatures vanquished.

Notes
Turn   | Place    | Note
-------+----------+-------------------------------------------
     0 | D:1      | nht the Draconian Transmuter began the quest for the Orb.
     0 | D:1      | Reached XP level 1. HP: 16/16 MP: 3/3
   135 | D:1      | Reached XP level 2. HP: 21/23 MP: 3/5
   287 | D:1      | HP: 1/23 [leopard gecko (4)]
   782 | D:1      | Reached XP level 3. HP: 20/28 MP: 6/6
   864 | D:1      | Reached skill level 4 in Unarmed Combat
  1163 | D:2      | Found a shadowy altar of Dithmenos.
  1265 | D:2      | Reached XP level 4. HP: 22/35 MP: 5/7
  1388 | D:2      | Noticed Natasha
  1392 | D:2      | Slain by Natasha

Vault maps used:
D:1:      minmay_arrival_four_loops, minmay_tetromino_t2
D:2:      lemuel_round_altar, first_bread, uniq_sigmund, uniq_natasha

Skill      XL: |  1  2  3 |
---------------+----------+-----
Unarmed Combat | 4 |  4.5
Fighting       | |  1.1
Dodging        | |  1.7
Spellcasting   | |  2.0
Transmutations | |  2.8

Action                   |  1- 3 |  4- 6 || total
-------------------------+-------+-------++-------
Melee: Unarmed           |   142 |     3 ||   145
       Kick              |    10 |       ||    10
       Tailslap          |     8 |       ||     8
       Headbutt          |     3 |     1 ||     4
 Cast: Beastly Appendage |    16 |     1 ||    17
  Use: Potion            |     2 |       ||     2
 Stab: Sleeping          |     2 |       ||     2
  Eat: Chunk             |     2 |       ||     2
Armor: Skin              |    29 |       ||    29
Dodge: Dodged            |    93 |     1 ||    94
